Map: Sueño eterno EE

Players

MrFercho

  • Race: Zerg Zerg
  • League: Gold
  • Spawn Location: 7:00

LillysDdy - Winner!

  • Race: Protoss Protoss
  • League: Gold
  • Spawn Location: 1:00

VOD

Have the link to the VOD?

Description

Time

  • Played on: Aug. 16, 2020, 11:21 p.m.
  • Length: 17:35
Show
View Real Time Build Order
Export as new Build Order

MrFercho Zerg 

Build Orders: Hatch First, Roach Hydra 

Get SALT Encoding   

  12  0:01  Drone  
  13  0:16  Overlord  
  13  0:20  Drone  
  14  0:34  Drone  
  14  0:35  Drone  
  16  0:53  Hatchery  
  16  0:56  Drone  
  16  1:00  Drone  
  16  1:03  Drone  
  18  1:17  Spawning Pool  
  17  1:22  Extractor  
  17  1:23  Drone  
  17  1:25  Drone  
  18  1:35  Drone  
  19  1:50  Drone  
  20  1:59  Overlord  
  20  2:04  Queen  
  20  2:05  Queen  
  20  2:07  Zergling x4  
  26  2:15  Drone  
  27  2:19  Drone  
  28  2:30  Drone x2  
  28  2:37  Drone  
  31  2:38  Overlord  
  31  2:45  Queen  
  31  2:48  Metabolic Boost  
  33  2:52  Drone x2  
  35  2:59  Drone  
  35  3:04  Overlord  
  36  3:33  Drone x6  
  36  3:34  Drone x2  
  44  3:42  Lair  
  44  3:59  Zergling x10  
  49  4:12  Evolution Chamber  
  49  4:14  Overlord x2  
  48  4:25  Overlord  
  48  4:31  Queen  
  48  4:34  Extractor  
  48  4:36  Extractor, Drone  
  48  4:37  Drone  
  48  4:38  Drone x3  
  53  4:39  Drone x3  
  56  4:48  Roach Warren  
  54  5:40  Pneumatized Carapace  
  54  5:44  Drone  
  54  5:45  Drone x3  
  58  5:52  Spore Crawler  
  58  5:53  Spore Crawler  
  56  6:11  Glial Reconstitution  
  56  6:13  Zerg Missile Weapons Level 1  
  56  6:14  Hatchery  
  55  6:18  Extractor  
  55  6:19  Drone x2  
  55  6:22  Extractor  
  55  6:25  Evolution Chamber  
  54  6:35  Overlord, Roach x7  
  54  6:36  Overlord x3  
  68  6:42  Extractor  
  68  6:46  Hydralisk Den  
  66  6:47  Drone  
  66  6:53  Zerg Melee Weapons Level 1  
  67  7:01  Roach  
  67  7:02  Roach x5  
  79  7:13  Drone x3  
  79  7:15  Drone x3  
  85  7:29  Grooved Spines, Infestation Pit  
  84  7:33  Hatchery, Drone  
  84  7:35  Hatchery  
  83  8:07  Hive  
  75  8:21  Zergling x22  
  75  8:22  Zergling x8  
  78  8:30  Roach x6  
  77  8:34  Zerg Missile Weapons Level 2  
  77  8:40  Muscular Augments  
  73  8:55  Hydralisk x8  
  76  9:03  Zerg Melee Weapons Level 2  
  76  9:07  Drone  
  76  9:08  Drone  
  78  9:14  Roach x5  
  78  9:15  Roach x3  
  92  9:28  Hydralisk  
  92  9:29  Hydralisk x7  
  98  9:55  Hydralisk x8  
  98  9:57  Hatchery  
  98  9:59  Zergling x2  
  103  10:00  Zergling x12  
  102  10:13  Hydralisk x4  
  90  10:21  Hydralisk x2  
  86  10:39  Hydralisk x3  
  86  10:41  Zergling x8  
  86  10:42  Zergling x2  
  97  10:59  Adrenal Glands  
  97  11:13  Drone x11  
  108  11:36  Hydralisk  
  108  11:37  Hydralisk x4  
  108  11:38  Hydralisk  
  108  11:57  Drone x5  
  108  11:58  Drone  
  108  12:00  Extractor  
  113  12:01  Extractor  
  112  12:22  Queen  
  112  12:26  Overlord x3  
  112  12:27  Overlord  
  114  12:38  Lurker Den  
  113  12:47  Hydralisk  
  113  12:48  Hydralisk x9  
  133  13:10  Hatchery  
  132  13:13  Zergling x20  
  142  13:27  Baneling Nest  
  142  13:29  Zerg Missile Weapons Level 3  
  142  13:30  Zerg Melee Weapons Level 3  
  141  13:39  Spire  
  140  13:42  Seismic Spines  
  140  14:02  Lurker x2  
  98  14:30  Drone  
  98  14:31  Drone x13  
  111  14:32  Drone  
  111  14:37  Drone x3  
  111  14:38  Hydralisk x5  
  118  14:39  Adaptive Talons  
  126  14:57  Overseer  
  126  14:59  Overseer  
  126  15:08  Extractor  
  126  15:09  Extractor  
  124  15:19  Hydralisk x2  
  124  15:20  Hydralisk x10  
  148  15:23  Overlord  
  122  16:07  Hydralisk x2  
  122  16:08  Hydralisk x17  
  116  16:36  Corruptor x7  
  110  17:13  Nydus Network  
Show
View Real Time Build Order
Export as new Build Order

LillysDdy Protoss - Winner!

Build Orders: Carriers, Chargelot Immortal 

Get SALT Encoding   

  12  0:00  Probe  
  13  0:13  Probe  
  14  0:24  Pylon  
  14  0:28  Probe  
  15  0:42  Probe  
  16  0:45  Gateway  
  16  0:53  Assimilator  
  16  1:37  Probe  
  17  1:49  Probe (Chrono Boost)  
  17  1:51  Pylon  
  18  1:59  Forge  
  18  2:00  Probe (Chrono Boost)  
  19  2:03  Pylon  
  19  2:04  Probe (Chrono Boost)  
  19  2:07  Nexus  
  20  2:11  Pylon  
  20  2:15  Probe  
  21  2:17  Cybernetics Core  
  21  2:27  Probe  
  22  2:36  Assimilator  
  22  2:38  Pylon  
  22  2:39  Probe  
  23  2:46  Photon Cannon  
  23  2:51  Probe  
  23  2:53  Adept  
  26  3:03  Probe  
  26  3:04  Warp Gate  
  27  3:15  Probe  
  28  3:21  Gateway  
  28  3:23  Adept  
  28  3:26  Probe (Chrono Boost)  
  31  3:33  Probe (Chrono Boost)  
  32  3:37  Probe (Chrono Boost)  
  34  3:41  Probe (Chrono Boost)  
  34  3:42  Probe (Chrono Boost)  
  34  3:44  Pylon  
  35  3:52  Shield Battery, Probe  
  35  3:53  Probe  
  35  3:54  Sentry  
  39  4:06  Probe (Chrono Boost)  
  41  4:11  Probe (Chrono Boost)  
  41  4:16  Robotics Facility  
  42  4:17  Stalker, Probe (Chrono Boost)  
  42  4:20  Probe (Chrono Boost)  
  42  4:22  Probe (Chrono Boost)  
  46  4:28  Stalker  
  46  4:30  Probe  
  49  4:33  Probe  
  50  4:42  Probe  
  50  4:44  Twilight Council  
  50  4:45  Probe  
  52  4:50  Pylon  
  52  4:54  Phoenix, Probe  
  52  4:57  Probe  
  52  5:04  Immortal  
  52  5:05  Sentry  
  58  5:08  Adept  
  58  5:17  Protoss Ground Weapons Level 1  
  58  5:19  Assimilator  
  57  5:21  Assimilator  
  57  5:25  Probe  
  57  5:26  Probe  
  57  5:27  Photon Cannon  
  59  5:30  Shield Battery  
  59  5:37  Gateway, Probe  
  59  5:38  Probe  
  59  5:39  Gateway  
  61  5:49  Probe  
  62  5:50  Probe  
  63  5:57  Gateway  
  63  5:58  Gateway  
  63  6:01  Probe  
  63  6:02  Probe  
  63  6:03  Charge (Chrono Boost)  
  63  6:04  Pylon  
  65  6:07  Pylon  
  65  6:13  Pylon  
  65  6:16  Pylon  
  65  6:23  Immortal (Chrono Boost), Pylon  
  69  6:27  Sentry  
  69  6:29  Zealot  
  73  6:37  Nexus  
  73  6:41  Pylon  
  73  6:51  Stargate  
  73  6:55  Zealot x2  
  73  6:56  Zealot  
  73  6:57  Zealot  
  73  7:00  Warp Prism (Chrono Boost)  
  83  7:10  Gateway x2  
  83  7:15  Templar Archives  
  83  7:19  Pylon  
  83  7:21  Observer  
  84  7:24  Photon Cannon  
  84  7:25  Shield Battery  
  84  7:43  Sentry, Immortal  
  84  7:44  Adept  
  92  7:47  Adept x2  
  92  7:48  Zealot x2  
  100  7:53  Probe x3  
  103  8:01  Pylon  
  103  8:04  Pylon  
  103  8:05  Probe  
  104  8:08  Assimilator  
  104  8:17  High Templar  
  102  8:20  Gateway  
  92  8:33  Probe x2  
  92  8:35  Pylon  
  90  8:59  Stalker x3  
  90  9:00  Zealot x5  
  102  9:10  Void Ray  
  102  9:14  Psionic Storm  
  102  9:16  Probe x3  
  109  9:17  Immortal  
  109  9:19  Fleet Beacon  
  113  9:28  Probe  
  113  9:31  Sentry x3  
  116  9:32  Sentry, Zealot x3  
  116  9:33  Zealot x2  
  124  9:57  Observer  
  115  10:05  High Templar  
  115  10:06  High Templar  
  117  10:13  Zealot  
  117  10:14  Zealot x6  
  109  10:23  Carrier  
  109  10:27  Probe x2  
  117  10:32  Assimilator  
  117  10:48  Probe x2, Nexus  
  117  10:49  Probe  
  120  10:51  Pylon  
  120  10:54  Assimilator  
  120  10:58  Assimilator  
  120  11:03  Protoss Ground Weapons Level 2 (Chrono Boost)  
  120  11:05  Observer  
  121  11:14  Stargate  
  121  11:19  Protoss Air Weapons Level 1 (Chrono Boost), Stargate  
  121  11:23  Blink  
  121  11:26  Observer  
  121  11:28  Photon Cannon  
  121  11:30  Shield Battery  
  122  11:33  Photon Cannon  
  122  11:34  Shield Battery  
  122  11:38  Pylon  
  96  11:53  Carrier  
  102  11:55  Zealot x3  
  102  11:56  Zealot x6  
  120  12:15  Probe x4  
  124  12:27  Probe x4  
  124  12:29  Carrier  
  134  12:30  Adept  
  134  12:31  Sentry  
  138  12:45  Probe x3  
  138  12:46  Probe  
  138  12:49  Void Ray  
  138  12:50  High Templar  
  148  12:52  High Templar  
  148  12:53  Zealot x6  
  148  12:58  Carrier (Chrono Boost)  
  168  13:29  Carrier (Chrono Boost), Pylon  
  168  13:30  Carrier (Chrono Boost), Shield Battery  
  168  13:32  Shield Battery  
  180  13:35  Probe  
  181  13:43  Protoss Air Weapons Level 2  
  181  13:52  Gateway, Carrier (Chrono Boost)  
  187  14:00  Robotics Facility  
  153  14:24  Zealot x3  
  153  14:25  Zealot  
  153  14:26  Carrier, High Templar  
  153  14:27  Carrier, High Templar  
  153  14:28  Zealot x2  
  153  14:29  Zealot  
  183  14:35  Protoss Ground Weapons Level 3 (Chrono Boost)  
  183  14:38  Pylon  
  183  14:42  Photon Cannon  
  183  14:44  Shield Battery  
  183  14:46  Photon Cannon  
  183  14:47  Shield Battery  
  183  14:52  Adept  
  185  14:53  Sentry  
  185  14:55  Carrier  
  185  14:58  Stargate  
  193  15:30  Void Ray  
  193  15:31  Nexus  
  193  15:34  Pylon  
  196  15:36  Assimilator  
  196  15:39  Pylon  
  196  15:46  Observer  
  186  16:29  Warp Prism  
  188  16:45  Nexus  
  188  16:48  Pylon  
  188  16:52  Pylon  
  188  16:55  Assimilator  
  188  16:56  Assimilator  
  186  17:06  Nexus, Observer  
  186  17:08  Pylon  
  187  17:12  Unknown  
Tags
 
Add a new tag
Caveats
  • Supply blocks, unpowered buildings, or Contaminate may cause inaccurate times.
  • Supply counts are checked every 10 seconds.